BlackHawks vs Wild

Created - March 4, 2016 at 17:35

Goals
1 2 3 T
BlackHawks 1 0 1 2
Wild 0 2 1 3
Shots
1 2 3 T
BlackHawks 10 8 12 30
Wild 11 9 8 28

1st period

1. BlackHawks , Alex Galchenyuk 24 (Travis Hamonic, Ryan OReilly) at 13:15 (PP)

Penalties :
Kevin Bieksa (CHI) for High sticking (Minor) at 0:25, Brandon Bollig (CHI) for Holding (Minor) at 3:04, Luke Gazdic (CHI) for Hooking (Minor) at 7:56, Zach Redmond (MIN) for Hooking (Minor) at 12:41

2nd period

2. Wild , Erik Cole 19 (Dustin Brown, Fedor Tyutin) at 3:14
3. Wild , R.J. Umberger 9 (Dennis Wideman, Mark Streit) at 18:48

Penalties :
Travis Hamonic (CHI) for Roughing (Minor) at 0:42, Robyn Regehr (CHI) for Hooking (Minor) at 12:22, Zach Redmond (MIN) for Tripping (Minor) at 15:16

3rd period

4. Wild , Erik Cole 20 (Patrik Berglund, Michael Stone) at 11:03 (PP)
5. BlackHawks , Zack Kassian 15 (Kevin Bieksa, Trevor Lewis) at 12:55 (PP)

Penalties :
Erik Cole (MIN) for Roughing (Minor) at 5:54, Zack Kassian (CHI) for Tripping (Minor) at 10:51, Scott Hartnell (MIN) for Holding (Minor) at 12:29, Alex Biega (MIN) for High sticking (Minor) at 13:05, Robyn Regehr (CHI) for Holding (Minor) at 16:22, Peter Holland (MIN) for Roughing (Minor) at 19:42

Goalie Stats

Craig Anderson (CHI), 25 saves from 28 shots - (0.893), L, 14-15-7, 59:44 minutes
Ryan Miller (MIN), 28 saves from 30 shots - (0.933), W, 17-24-10, 60:00 minutes

Players Stats for BlackHawks

Player Name              G  A  P  +/- PIM S  H  SB GA TA FO     MP     PP MP  PK MP  
------------------------------------------------------------------------------------
Adam McQuaid             0  0  0   0  0   1  1  0  0  0  0/0    10:21   0:00   3:14 
Alex Galchenyuk          1  0  1  -1  0   7  1  0  0  0  1/2    18:00   3:30   0:00 
Bobby Farnham            0  0  0  -1  0   0  1  0  0  0  1/1     7:06   0:00   0:00 
Brandon Bollig           0  0  0   0  2   0  1  0  0  0  4/8    11:20   3:44   0:00 
Dion Phaneuf             0  0  0  -1  0   0  2  1  0  0  0/0    25:21   3:51   7:32 
Jared Boll               0  0  0   0  0   0  0  0  0  0  1/2    11:27   0:00   0:00 
Jason Demers             0  0  0   0  0   4  0  0  0  0  0/0    16:57   3:23   0:00 
Kevin Bieksa             0  1  1   0  2   1  5  2  0  0  0/0    19:09   3:23   4:10 
Luke Gazdic              0  0  0  -1  2   1  3  0  0  0  2/2     7:05   0:00   0:00 
Marek Zidlicky           0  0  0  -1  0   1  0  0  0  0  0/0    18:22   3:17   0:00 
Mike Richards            0  0  0  -1  0   1  0  0  0  0  9/18   18:16   3:30   7:10 
Robyn Regehr             0  0  0  -1  4   0  0  2  0  0  0/0    17:36   0:00   4:30 
Ryan OReilly             0  1  1  -1  0   2  0  0  0  0  18/23  18:13   3:30   0:13 
Ryan Reaves              0  0  0   0  0   1  2  0  0  0  0/0     7:07   0:00   0:00 
Tom Wilson               0  0  0  -1  0   2  1  0  0  0  0/2    19:25   0:00   4:55 
Travis Hamonic           0  1  1  -1  2   1  1  0  0  0  0/0    19:17   0:34   4:46 
Trevor Lewis             0  1  1   0  0   7  0  0  0  0  16/30  20:06   3:44   4:55 
Zack Kassian             1  0  1   0  2   1  4  0  0  0  1/1    22:39   3:44   6:59 

Players Stats for Wild

Player Name              G  A  P  +/- PIM S  H  SB GA TA FO     MP     PP MP  PK MP  
------------------------------------------------------------------------------------
Alex Biega               0  0  0   0  2   0  0  3  0  0  0/0     6:46   0:00   0:38 
Barret Jackman           0  0  0   0  0   3  3  0  0  0  0/0    13:41   5:24   1:01 
Dennis Wideman           0  1  1   1  0   5  1  3  0  0  0/0    25:09   6:42   3:17 
Dustin Brown             0  1  1   1  0   0  2  0  0  0  0/0    22:17   5:54   5:18 
Erik Cole                2  0  2   1  2   4  3  0  0  0  0/2    18:14   5:54   1:16 
Fedor Tyutin             0  1  1   1  0   0  2  1  0  0  0/0    12:05   0:00   0:00 
Jason Pominville         0  0  0   0  0   0  0  0  0  0  1/4    23:17   6:12   1:56 
Mark Streit              0  1  1   1  0   2  0  5  0  0  0/0    25:09   6:42   3:17 
Michael Ryder            0  0  0   1  0   4  3  1  0  0  0/0    14:26   0:00   0:00 
Michael Stone            0  1  1   1  0   0  2  1  0  0  0/0    21:26   5:24   3:57 
Patrik Berglund          0  1  1   1  0   2  1  0  0  0  9/22   16:59   5:54   0:00 
Peter Holland            0  0  0   0  2   1  1  1  0  0  16/36  21:59   6:12   5:01 
R.J. Umberger            1  0  1   1  0   2  2  1  0  0  5/14   15:06   0:00   0:40 
Rene Bourque             0  0  0   1  0   1  0  0  0  0  0/0    14:26   0:00   0:00 
Scott Hannan             0  0  0   0  0   0  1  0  0  0  0/0     6:09   0:00   0:00 
Scott Hartnell           0  0  0   0  2   4  4  0  0  0  5/9    21:20   6:12   0:00 
Trevor Smith             0  0  0   0  0   0  0  0  0  0  0/2     4:39   0:00   0:17 
Zach Redmond             0  0  0   0  4   0  1  1  0  0  0/0     9:32   0:00   2:18 

3 Stars

1 - Erik Cole (MIN)
2 - R.J. Umberger (MIN)
3 - Zack Kassian (CHI)

Power Play

BlackHawks - 2 on 6 Attempt(s) - 33.33%
Wild - 1 on 7 Attempt(s) - 14.29%

Penalty Kill

BlackHawks - 6 on 7 Attempt(s) - 85.71% - Score 0 goal in Penalty Kill
Wild - 4 on 6 Attempt(s) - 66.67% - Score 0 goal in Penalty Kill

Team Stat

BlackHawks - Hits : 22 - Faceoff Wins : 53 - Blocked Shots : 5 - Penalty Minutes : 14
Wild - Hits : 26 - Faceoff Wins : 36 - Blocked Shots : 17 - Penalty Minutes : 12

Official

Referees : Chris Rooney and Greg Kimmerly
Linesman : Anthony Sericolo and Andy McElman

Game Notes

No Game Note

Finance

Level 1 -- Attendance: 6471 (99.55%) -- Ticket Income $647,100
Level 2 -- Attendance: 4546 (90.92%) -- Ticket Income $272,760
Level 3 -- Attendance: 3471 (99.17%) -- Ticket Income $121,485
Level 4 -- Attendance: 1954 (100.00%) -- Ticket Income $39,080
Luxury Box -- Attendance: 1000 (100.00%) -- Ticket Income $200,000
Game was played at the Xcel Energy Center.
Total Attendance: 17442 (97.15%)
Total Ticket Income: $1,280,425
Other Income: $192,064
Total Income: $1,472,489

% Time on Ice - BlackHawks

Lines # - Real PCT - Wanted PCT - Time Play
Normal Forward
1 - 36% - 38% - 14:30
2 - 29% - 32% - 11:27
3 - 18% - 20% - 7:06
4 - 18% - 10% - 7:07
Normal Defense
1 - 34% - 37% - 13:28
2 - 33% - 34% - 13:08
3 - 25% - 29% - 10:07
4 - 9% - 0% - 3:27
PP Forward
1 - 48% - 60% - 3:30
2 - 52% - 40% - 3:44
PP Defense
1 - 53% - 60% - 3:51
2 - 47% - 40% - 3:23
PK Forward
1 - 59% - 55% - 7:11
2 - 41% - 45% - 4:55
PK Defense
1 - 56% - 55% - 6:43
2 - 44% - 45% - 5:23
PK3 Forward
1 - 0% - 50%
2 - 0% - 50%
PK3 Defense
1 - 0% - 55%
2 - 0% - 45%
44 Forward
1 - 0% - 55%
2 - 0% - 45%
44 Defense
1 - 0% - 55%
2 - 0% - 45%
Last Minute Offensive  - 0:30
Last Minute Defensive  - 0:00
Total
Forward - 60:00
Defense - 60:00

% Time on Ice - Wild

Lines # - Real PCT - Wanted PCT - Time Play
Normal Forward
1 - 26% - 40% - 10:29
2 - 27% - 30% - 11:05
3 - 36% - 20% - 14:26
4 - 11% - 10% - 4:22
Normal Defense
1 - 37% - 40% - 14:52
2 - 30% - 30% - 12:05
3 - 18% - 20% - 7:16
4 - 15% - 10% - 6:09
PP Forward
1 - 51% - 60% - 6:12
2 - 49% - 40% - 5:54
PP Defense
1 - 55% - 60% - 6:42
2 - 45% - 40% - 5:24
PK Forward
1 - 73% - 60% - 5:18
2 - 27% - 40% - 1:56
PK Defense
1 - 45% - 60% - 3:17
2 - 55% - 40% - 3:57
PK3 Forward
1 - 0% - 60%
2 - 0% - 40%
PK3 Defense
1 - 0% - 60%
2 - 0% - 40%
44 Forward
1 - 0% - 60%
2 - 0% - 40%
44 Defense
1 - 0% - 60%
2 - 0% - 40%
Last Minute Offensive  - 0:00
Last Minute Defensive  - 0:18
Total
Forward - 60:00
Defense - 60:00

Play by Play

1st period


0:01 of 1st period - Ryan OReilly wins face-off versus Peter Holland in neutral zone.
0:10 of 1st period - Icing by Dennis Wideman.
0:11 of 1st period - Peter Holland wins face-off versus Trevor Lewis in Wild zone.
0:13 of 1st period - Icing by Dennis Wideman.
0:14 of 1st period - Jason Pominville wins face-off versus Mike Richards in Wild zone.
0:14 of 1st period - Jason Pominville is hit by Luke Gazdic.
0:17 of 1st period - Dennis Wideman is hit by Bobby Farnham and loses puck.
0:25 of 1st period - Minor Penalty to Kevin Bieksa for High sticking.
0:26 of 1st period - Mike Richards wins face-off versus Erik Cole in BlackHawks zone.
1:54 of 1st period - Shot by Jason Pominville.
1:54 of 1st period - Shot Misses the Net.
2:27 of 1st period - Shot by Scott Hannan.
2:27 of 1st period - Shot Blocked by Kevin Bieksa.
2:29 of 1st period - Shot by Scott Hannan.
2:29 of 1st period - Shot Misses the Net.
2:31 of 1st period - Shot by R.J. Umberger.
2:31 of 1st period - Stopped by Craig Anderson with a rebound.
2:39 of 1st period - Shot by Ryan OReilly.
2:39 of 1st period - Shot Blocked by Alex Biega.
2:57 of 1st period - Shot by Michael Ryder.
2:57 of 1st period - Stopped by Craig Anderson without a rebound.
2:58 of 1st period - Brandon Bollig wins face-off versus Trevor Smith in BlackHawks zone.
3:04 of 1st period - Minor Penalty to Brandon Bollig for Holding.
3:05 of 1st period - Trevor Lewis wins face-off versus Peter Holland in BlackHawks zone.
3:37 of 1st period - Shot by Dennis Wideman.
3:37 of 1st period - Stopped by Craig Anderson without a rebound.
3:38 of 1st period - Mike Richards wins face-off versus Patrik Berglund in BlackHawks zone.
3:45 of 1st period - Icing by Patrik Berglund.
3:46 of 1st period - Mike Richards wins face-off versus Patrik Berglund in Wild zone.
4:13 of 1st period - Shot by Patrik Berglund.
4:13 of 1st period - Stopped by Craig Anderson without a rebound.
4:14 of 1st period - Peter Holland wins face-off versus Trevor Lewis in BlackHawks zone.
4:50 of 1st period - Shot by Mark Streit.
4:50 of 1st period - Stopped by Craig Anderson without a rebound.
4:51 of 1st period - Trevor Lewis wins face-off versus Patrik Berglund in BlackHawks zone.
4:51 of 1st period - Trevor Lewis is hit by Erik Cole.
5:09 of 1st period - Shot by Ryan Reaves.
5:09 of 1st period - Stopped by Ryan Miller with a rebound.
5:11 of 1st period - Shot by Adam McQuaid.
5:11 of 1st period - Shot Blocked by Alex Biega.
5:13 of 1st period - Shot by Marek Zidlicky.
5:13 of 1st period - Stopped by Ryan Miller without a rebound.
5:14 of 1st period - Patrik Berglund wins face-off versus Brandon Bollig in Wild zone.
5:26 of 1st period - Dion Phaneuf is hit by Erik Cole and loses puck.
5:30 of 1st period - Off-side.
5:31 of 1st period - Trevor Lewis wins face-off versus Peter Holland in neutral zone.
7:19 of 1st period - Alex Galchenyuk is hit by R.J. Umberger and loses puck.
7:36 of 1st period - Jason Demers is hit by Michael Ryder and loses puck.
7:56 of 1st period - Minor Penalty to Luke Gazdic for Hooking.
7:57 of 1st period - Peter Holland wins face-off versus Mike Richards in BlackHawks zone.
8:14 of 1st period - Shot by Scott Hartnell.
8:14 of 1st period - Stopped by Craig Anderson with a rebound.
8:26 of 1st period - Shot by Scott Hartnell.
8:26 of 1st period - Stopped by Craig Anderson without a rebound.
8:27 of 1st period - Trevor Lewis wins face-off versus Patrik Berglund in BlackHawks zone.
8:38 of 1st period - Shot by Tom Wilson.
8:38 of 1st period - Stopped by Ryan Miller without a rebound.
8:39 of 1st period - Mike Richards wins face-off versus Peter Holland in Wild zone.
8:50 of 1st period - Shot by Zack Kassian.
8:50 of 1st period - Shot Misses the Net.
9:06 of 1st period - Shot by Mike Richards.
9:06 of 1st period - Shot Misses the Net.
10:05 of 1st period - Shot by R.J. Umberger.
10:05 of 1st period - Shot Misses the Net.
10:07 of 1st period - Shot by R.J. Umberger.
10:07 of 1st period - Shot Misses the Net.
11:17 of 1st period - Icing by Marek Zidlicky.
11:18 of 1st period - Brandon Bollig wins face-off versus Peter Holland in BlackHawks zone.
11:58 of 1st period - Shot by Scott Hartnell.
11:58 of 1st period - Stopped by Craig Anderson with a rebound.
12:41 of 1st period - Minor Penalty to Zach Redmond for Hooking.
12:42 of 1st period - Ryan OReilly wins face-off versus Peter Holland in Wild zone.
12:51 of 1st period - Shot by Travis Hamonic.
12:51 of 1st period - Stopped by Ryan Miller with a rebound.
13:13 of 1st period - Shot by Travis Hamonic.
13:13 of 1st period - Shot Blocked by Peter Holland.
13:15 of 1st period - Shot by Alex Galchenyuk.
13:15 of 1st period - Goal by Alex Galchenyuk - BlackHawks : 1 - Wild : 0.
13:16 of 1st period - Jared Boll wins face-off versus Scott Hartnell in neutral zone.
13:35 of 1st period - Shot by Trevor Lewis.
13:35 of 1st period - Stopped by Ryan Miller with a rebound.
14:18 of 1st period - Icing by Michael Stone.
14:19 of 1st period - Patrik Berglund wins face-off versus Ryan OReilly in Wild zone.
14:19 of 1st period - Patrik Berglund is hit by Tom Wilson.
14:55 of 1st period - Shot by Ryan OReilly.
14:55 of 1st period - Shot Hit the Post.
14:57 of 1st period - Shot by Ryan OReilly.
14:57 of 1st period - Shot Misses the Net.
15:28 of 1st period - Icing by Robyn Regehr.
15:29 of 1st period - Ryan OReilly wins face-off versus R.J. Umberger in BlackHawks zone.
15:31 of 1st period - Icing by Tom Wilson.
15:32 of 1st period - Ryan OReilly wins face-off versus Peter Holland in BlackHawks zone.
15:45 of 1st period - Shot by Peter Holland.
15:45 of 1st period - Stopped by Craig Anderson without a rebound.
15:46 of 1st period - Trevor Lewis wins face-off versus R.J. Umberger in BlackHawks zone.
15:54 of 1st period - Zack Kassian is hit by Barret Jackman and loses puck.
15:57 of 1st period - Shot by Marek Zidlicky.
15:57 of 1st period - Shot Misses the Net.
15:59 of 1st period - Shot by Jason Demers.
15:59 of 1st period - Shot Misses the Net.
16:01 of 1st period - Shot by Trevor Lewis.
16:01 of 1st period - Shot Blocked by R.J. Umberger.
16:16 of 1st period - Shot by Trevor Lewis.
16:16 of 1st period - Stopped by Ryan Miller with a rebound.
16:18 of 1st period - Shot by Trevor Lewis.
16:18 of 1st period - Stopped by Ryan Miller with a rebound.
16:22 of 1st period - Shot by Trevor Lewis.
16:22 of 1st period - Shot Blocked by Zach Redmond.
16:24 of 1st period - Shot by Jason Demers.
16:24 of 1st period - Stopped by Ryan Miller without a rebound.
16:25 of 1st period - Luke Gazdic wins face-off versus Peter Holland in Wild zone.
16:52 of 1st period - Shot by Dennis Wideman.
16:52 of 1st period - Stopped by Craig Anderson without a rebound.
16:53 of 1st period - Brandon Bollig wins face-off versus Patrik Berglund in BlackHawks zone.
16:53 of 1st period - Brandon Bollig is hit by Erik Cole.
16:56 of 1st period - Icing by Ryan Reaves.
16:57 of 1st period - Brandon Bollig wins face-off versus Patrik Berglund in BlackHawks zone.
16:57 of 1st period - Jason Demers is hit by Dustin Brown and loses puck.
17:13 of 1st period - Fedor Tyutin is hit by Kevin Bieksa and loses puck.
17:48 of 1st period - Ryan OReilly is hit by Patrik Berglund and loses puck.
18:01 of 1st period - Shot by Tom Wilson.
18:01 of 1st period - Shot Blocked by Dennis Wideman.
18:17 of 1st period - Shot by Scott Hartnell.
18:17 of 1st period - Stopped by Craig Anderson without a rebound.
18:18 of 1st period - Trevor Lewis wins face-off versus R.J. Umberger in BlackHawks zone.
18:18 of 1st period - Trevor Lewis is hit by Michael Ryder.
18:28 of 1st period - Shot by Trevor Lewis.
18:28 of 1st period - Shot Blocked by Michael Ryder.
18:44 of 1st period - Trevor Lewis is hit by Barret Jackman.
19:01 of 1st period - Travis Hamonic is hit by Barret Jackman.
19:31 of 1st period - Shot by Bobby Farnham.
19:31 of 1st period - Shot Blocked by Mark Streit.
19:33 of 1st period - Shot by Kevin Bieksa.
19:33 of 1st period - Stopped by Ryan Miller without a rebound.
19:34 of 1st period - Ryan OReilly wins face-off versus Patrik Berglund in Wild zone.
Goals for this period are 1 for BlackHawks vs 0 for Wild.
Shots for this period are 10 for BlackHawks vs 11 for Wild.

2nd period


0:01 of 2nd period - Ryan OReilly wins face-off versus Peter Holland in neutral zone.
0:12 of 2nd period - Icing by Alex Galchenyuk.
0:13 of 2nd period - Patrik Berglund wins face-off versus Tom Wilson in BlackHawks zone.
0:17 of 2nd period - Icing by Jason Demers.
0:18 of 2nd period - Ryan OReilly wins face-off versus Peter Holland in BlackHawks zone.
0:18 of 2nd period - Ryan OReilly is hit by Scott Hartnell.
0:29 of 2nd period - Icing by Mark Streit.
0:30 of 2nd period - Trevor Lewis wins face-off versus Peter Holland in Wild zone.
0:30 of 2nd period - Trevor Lewis is hit by Dennis Wideman.
0:41 of 2nd period - Peter Holland is hit by Dion Phaneuf and loses puck.
0:42 of 2nd period - Minor Penalty to Travis Hamonic for Roughing.
0:43 of 2nd period - Mike Richards wins face-off versus Patrik Berglund in BlackHawks zone.
0:51 of 2nd period - Icing by Michael Stone.
0:52 of 2nd period - Mike Richards wins face-off versus Patrik Berglund in Wild zone.
1:07 of 2nd period - Shot by Barret Jackman.
1:07 of 2nd period - Stopped by Craig Anderson without a rebound.
1:08 of 2nd period - Peter Holland wins face-off versus Trevor Lewis in BlackHawks zone.
1:47 of 2nd period - Shot by Zack Kassian.
1:47 of 2nd period - Shot Blocked by Mark Streit.
2:35 of 2nd period - Shot by Barret Jackman.
2:35 of 2nd period - Stopped by Craig Anderson without a rebound.
2:36 of 2nd period - Patrik Berglund wins face-off versus Mike Richards in BlackHawks zone.
2:56 of 2nd period - Shot by Brandon Bollig.
2:56 of 2nd period - Shot Blocked by Alex Biega.
2:58 of 2nd period - Shot by Adam McQuaid.
2:58 of 2nd period - Stopped by Ryan Miller without a rebound.
2:59 of 2nd period - Mike Richards wins face-off versus Patrik Berglund in Wild zone.
3:14 of 2nd period - Shot by Erik Cole.
3:14 of 2nd period - Goal by Erik Cole - BlackHawks : 1 - Wild : 1.
3:15 of 2nd period - R.J. Umberger wins face-off versus Ryan OReilly in neutral zone.
3:19 of 2nd period - Off-side.
3:20 of 2nd period - Ryan OReilly wins face-off versus Peter Holland in neutral zone.
3:29 of 2nd period - Icing by Dennis Wideman.
3:30 of 2nd period - Trevor Lewis wins face-off versus Peter Holland in Wild zone.
4:05 of 2nd period - Shot by Zack Kassian.
4:05 of 2nd period - Shot Misses the Net.
4:07 of 2nd period - Shot by Travis Hamonic.
4:07 of 2nd period - Shot Misses the Net.
4:50 of 2nd period - Ryan OReilly is hit by Michael Stone and loses puck.
5:04 of 2nd period - Ryan OReilly is hit by Fedor Tyutin and loses puck.
5:13 of 2nd period - Shot by Tom Wilson.
5:13 of 2nd period - Shot Blocked by Fedor Tyutin.
5:36 of 2nd period - Patrik Berglund is hit by Kevin Bieksa and loses puck.
5:55 of 2nd period - Shot by Mike Richards.
5:55 of 2nd period - Shot Misses the Net.
6:08 of 2nd period - Dion Phaneuf is hit by Fedor Tyutin and loses puck.
7:03 of 2nd period - Shot by Zack Kassian.
7:03 of 2nd period - Shot Misses the Net.
7:33 of 2nd period - Shot by Alex Galchenyuk.
7:33 of 2nd period - Stopped by Ryan Miller without a rebound.
7:34 of 2nd period - Peter Holland wins face-off versus Mike Richards in Wild zone.
7:34 of 2nd period - Peter Holland is hit by Luke Gazdic.
8:01 of 2nd period - Mark Streit is hit by Luke Gazdic and loses puck.
8:08 of 2nd period - Shot by Mike Richards.
8:08 of 2nd period - Deflect By Luke Gazdic.
8:08 of 2nd period - Stopped by Ryan Miller with a rebound.
8:34 of 2nd period - Shot by Alex Galchenyuk.
8:34 of 2nd period - Stopped by Ryan Miller without a rebound.
8:35 of 2nd period - R.J. Umberger wins face-off versus Trevor Lewis in Wild zone.
9:10 of 2nd period - Icing by Marek Zidlicky.
9:11 of 2nd period - Scott Hartnell wins face-off versus Jared Boll in BlackHawks zone.
9:24 of 2nd period - Shot by Zack Kassian.
9:24 of 2nd period - Shot Misses the Net.
9:36 of 2nd period - Shot by Ryan OReilly.
9:36 of 2nd period - Stopped by Ryan Miller without a rebound.
9:37 of 2nd period - Ryan OReilly wins face-off versus R.J. Umberger in Wild zone.
10:25 of 2nd period - Off-side.
10:26 of 2nd period - Peter Holland wins face-off versus Mike Richards in neutral zone.
10:33 of 2nd period - Shot by Jason Pominville.
10:33 of 2nd period - Shot Misses the Net.
10:42 of 2nd period - Bobby Farnham is hit by Zach Redmond and loses puck.
11:35 of 2nd period - Shot by Michael Ryder.
11:35 of 2nd period - Shot Blocked by Robyn Regehr.
11:37 of 2nd period - Shot by Rene Bourque.
11:37 of 2nd period - Shot Misses the Net.
11:39 of 2nd period - Shot by Michael Ryder.
11:39 of 2nd period - Stopped by Craig Anderson without a rebound.
11:40 of 2nd period - Alex Galchenyuk wins face-off versus Scott Hartnell in BlackHawks zone.
12:09 of 2nd period - Icing by Dennis Wideman.
12:10 of 2nd period - Scott Hartnell wins face-off versus Trevor Lewis in Wild zone.
12:22 of 2nd period - Minor Penalty to Robyn Regehr for Hooking.
12:23 of 2nd period - Mike Richards wins face-off versus Patrik Berglund in BlackHawks zone.
12:39 of 2nd period - Patrik Berglund is hit by Adam McQuaid and loses puck.
13:22 of 2nd period - Shot by Mark Streit.
13:22 of 2nd period - Shot Misses the Net.
13:28 of 2nd period - Shot by Dennis Wideman.
13:28 of 2nd period - Stopped by Craig Anderson without a rebound.
13:29 of 2nd period - Peter Holland wins face-off versus Trevor Lewis in BlackHawks zone.
13:29 of 2nd period - Peter Holland is hit by Travis Hamonic.
13:43 of 2nd period - Shot by Jason Pominville.
13:43 of 2nd period - Shot Misses the Net.
13:45 of 2nd period - Shot by Dennis Wideman.
13:45 of 2nd period - Shot Misses the Net.
13:51 of 2nd period - Shot by Scott Hartnell.
13:51 of 2nd period - Deflect By Jason Pominville.
13:51 of 2nd period - Shot Misses the Net.
13:53 of 2nd period - Shot by Dennis Wideman.
13:53 of 2nd period - Stopped by Craig Anderson without a rebound.
13:54 of 2nd period - Patrik Berglund wins face-off versus Mike Richards in BlackHawks zone.
14:11 of 2nd period - Shot by Barret Jackman.
14:11 of 2nd period - Shot Blocked by Dion Phaneuf.
14:13 of 2nd period - Shot by Barret Jackman.
14:13 of 2nd period - Stopped by Craig Anderson without a rebound.
14:14 of 2nd period - Patrik Berglund wins face-off versus Trevor Lewis in BlackHawks zone.
14:21 of 2nd period - Shot by Mark Streit.
14:21 of 2nd period - Stopped by Craig Anderson without a rebound.
14:22 of 2nd period - R.J. Umberger wins face-off versus Ryan OReilly in BlackHawks zone.
15:16 of 2nd period - Minor Penalty to Zach Redmond for Tripping.
15:17 of 2nd period - Peter Holland wins face-off versus Trevor Lewis in Wild zone.
15:34 of 2nd period - Shot by Jason Demers.
15:34 of 2nd period - Stopped by Ryan Miller without a rebound.
15:35 of 2nd period - Peter Holland wins face-off versus Trevor Lewis in Wild zone.
15:35 of 2nd period - Peter Holland is hit by Zack Kassian.
16:40 of 2nd period - Shot by Marek Zidlicky.
16:40 of 2nd period - Shot Misses the Net.
16:50 of 2nd period - Shot by Ryan OReilly.
16:50 of 2nd period - Stopped by Ryan Miller with a rebound.
16:52 of 2nd period - Shot by Ryan OReilly.
16:52 of 2nd period - Deflect By Alex Galchenyuk.
16:52 of 2nd period - Stopped by Ryan Miller without a rebound.
16:53 of 2nd period - Peter Holland wins face-off versus Trevor Lewis in Wild zone.
17:01 of 2nd period - Off-side.
17:02 of 2nd period - Peter Holland wins face-off versus Ryan OReilly in neutral zone.
17:55 of 2nd period - Kevin Bieksa is hit by Scott Hartnell and loses puck.
18:23 of 2nd period - Off-side.
18:24 of 2nd period - R.J. Umberger wins face-off versus Tom Wilson in neutral zone.
18:48 of 2nd period - Shot by R.J. Umberger.
18:48 of 2nd period - Goal by R.J. Umberger - BlackHawks : 1 - Wild : 2.
18:49 of 2nd period - Trevor Lewis wins face-off versus Patrik Berglund in neutral zone.
19:19 of 2nd period - Icing by Travis Hamonic.
19:20 of 2nd period - Trevor Lewis wins face-off versus R.J. Umberger in BlackHawks zone.
19:20 of 2nd period - Trevor Lewis is hit by Michael Ryder.
Goals for this period are 0 for BlackHawks vs 2 for Wild.
Shots for this period are 8 for BlackHawks vs 9 for Wild.

3rd period


0:01 of 3rd period - Ryan OReilly wins face-off versus Jason Pominville in neutral zone.
1:34 of 3rd period - Marek Zidlicky is hit by Dustin Brown and loses puck.
1:50 of 3rd period - Off-side.
1:51 of 3rd period - Bobby Farnham wins face-off versus R.J. Umberger in neutral zone.
2:49 of 3rd period - Icing by R.J. Umberger.
2:50 of 3rd period - Ryan OReilly wins face-off versus R.J. Umberger in Wild zone.
2:53 of 3rd period - Shot by Alex Galchenyuk.
2:53 of 3rd period - Shot Misses the Net.
4:04 of 3rd period - Robyn Regehr is hit by Scott Hartnell and loses puck.
4:23 of 3rd period - Shot by Erik Cole.
4:23 of 3rd period - Shot Blocked by Robyn Regehr.
4:25 of 3rd period - Shot by Erik Cole.
4:25 of 3rd period - Shot Misses the Net.
4:27 of 3rd period - Shot by Patrik Berglund.
4:27 of 3rd period - Stopped by Craig Anderson without a rebound.
4:28 of 3rd period - Patrik Berglund wins face-off versus Mike Richards in BlackHawks zone.
4:28 of 3rd period - Dustin Brown is hit by Kevin Bieksa and loses puck.
4:45 of 3rd period - Bobby Farnham is hit by Scott Hannan and loses puck.
4:58 of 3rd period - Shot by Mike Richards.
4:58 of 3rd period - Stopped by Ryan Miller without a rebound.
4:59 of 3rd period - Scott Hartnell wins face-off versus Trevor Lewis in Wild zone.
4:59 of 3rd period - Scott Hartnell is hit by Zack Kassian.
5:20 of 3rd period - Icing by Zach Redmond.
5:21 of 3rd period - Scott Hartnell wins face-off versus Brandon Bollig in Wild zone.
5:21 of 3rd period - Scott Hartnell is hit by Ryan Reaves.
5:24 of 3rd period - Jason Pominville is hit by Ryan Reaves and loses puck.
5:54 of 3rd period - Minor Penalty to Erik Cole for Roughing.
5:55 of 3rd period - Ryan OReilly wins face-off versus Peter Holland in Wild zone.
6:15 of 3rd period - Shot by Ryan OReilly.
6:15 of 3rd period - Shot Blocked by Mark Streit.
6:17 of 3rd period - Shot by Jason Demers.
6:17 of 3rd period - Stopped by Ryan Miller without a rebound.
6:18 of 3rd period - Peter Holland wins face-off versus Brandon Bollig in Wild zone.
6:33 of 3rd period - Shot by Marek Zidlicky.
6:33 of 3rd period - Shot Blocked by Michael Stone.
6:35 of 3rd period - Shot by Marek Zidlicky.
6:35 of 3rd period - Shot Misses the Net.
6:51 of 3rd period - Brandon Bollig is hit by R.J. Umberger and loses puck.
7:06 of 3rd period - Icing by Trevor Lewis.
7:07 of 3rd period - Peter Holland wins face-off versus Trevor Lewis in BlackHawks zone.
7:45 of 3rd period - Shot by Jason Demers.
7:45 of 3rd period - Stopped by Ryan Miller without a rebound.
7:46 of 3rd period - Ryan OReilly wins face-off versus Jason Pominville in Wild zone.
7:59 of 3rd period - Shot by Michael Ryder.
7:59 of 3rd period - Stopped by Craig Anderson with a rebound.
8:27 of 3rd period - Shot by Rene Bourque.
8:27 of 3rd period - Stopped by Craig Anderson without a rebound.
8:28 of 3rd period - Scott Hartnell wins face-off versus Ryan OReilly in BlackHawks zone.
8:37 of 3rd period - Shot by Tom Wilson.
8:37 of 3rd period - Stopped by Ryan Miller without a rebound.
8:38 of 3rd period - Ryan OReilly wins face-off versus Scott Hartnell in Wild zone.
8:47 of 3rd period - Shot by Ryan OReilly.
8:47 of 3rd period - Shot Blocked by Dennis Wideman.
9:01 of 3rd period - Shot by Alex Galchenyuk.
9:01 of 3rd period - Stopped by Ryan Miller without a rebound.
9:02 of 3rd period - Trevor Lewis wins face-off versus Patrik Berglund in Wild zone.
9:11 of 3rd period - Shot by Trevor Lewis.
9:11 of 3rd period - Stopped by Ryan Miller with a rebound.
9:14 of 3rd period - Icing by Fedor Tyutin.
9:15 of 3rd period - Mike Richards wins face-off versus Erik Cole in Wild zone.
9:54 of 3rd period - Shot by Erik Cole.
9:54 of 3rd period - Stopped by Craig Anderson without a rebound.
9:55 of 3rd period - Ryan OReilly wins face-off versus Peter Holland in BlackHawks zone.
10:04 of 3rd period - Shot by Alex Galchenyuk.
10:04 of 3rd period - Shot Blocked by Mark Streit.
10:06 of 3rd period - Shot by Tom Wilson.
10:06 of 3rd period - Shot Misses the Net.
10:08 of 3rd period - Shot by Ryan OReilly.
10:08 of 3rd period - Shot Misses the Net.
10:12 of 3rd period - Shot by Ryan OReilly.
10:12 of 3rd period - Shot Blocked by Dennis Wideman.
10:14 of 3rd period - Shot by Kevin Bieksa.
10:14 of 3rd period - Shot Blocked by Mark Streit.
10:38 of 3rd period - Shot by Alex Galchenyuk.
10:38 of 3rd period - Stopped by Ryan Miller without a rebound.
10:39 of 3rd period - Trevor Lewis wins face-off versus R.J. Umberger in Wild zone.
10:49 of 3rd period - Barret Jackman is hit by Zack Kassian and loses puck.
10:51 of 3rd period - Minor Penalty to Zack Kassian for Tripping.
10:52 of 3rd period - Patrik Berglund wins face-off versus Mike Richards in BlackHawks zone.
11:03 of 3rd period - Shot by Patrik Berglund.
11:03 of 3rd period - Deflect By Erik Cole.
11:03 of 3rd period - Goal by Erik Cole - BlackHawks : 1 - Wild : 3.
11:04 of 3rd period - R.J. Umberger wins face-off versus Trevor Lewis in neutral zone.
11:16 of 3rd period - Mark Streit is hit by Zack Kassian.
11:29 of 3rd period - Icing by Dennis Wideman.
11:30 of 3rd period - Ryan OReilly wins face-off versus R.J. Umberger in Wild zone.
12:24 of 3rd period - Off-side.
12:25 of 3rd period - Trevor Lewis wins face-off versus Peter Holland in neutral zone.
12:29 of 3rd period - Minor Penalty to Scott Hartnell for Holding.
12:30 of 3rd period - Peter Holland wins face-off versus Brandon Bollig in Wild zone.
12:40 of 3rd period - Dustin Brown is hit by Brandon Bollig and loses puck.
12:51 of 3rd period - Shot by Trevor Lewis.
12:51 of 3rd period - Shot Misses the Net.
12:53 of 3rd period - Shot by Kevin Bieksa.
12:53 of 3rd period - Shot Misses the Net.
12:55 of 3rd period - Shot by Zack Kassian.
12:55 of 3rd period - Goal by Zack Kassian - BlackHawks : 2 - Wild : 3.
12:56 of 3rd period - Luke Gazdic wins face-off versus Scott Hartnell in neutral zone.
13:05 of 3rd period - Minor Penalty to Alex Biega for High sticking.
13:06 of 3rd period - Peter Holland wins face-off versus Alex Galchenyuk in Wild zone.
13:06 of 3rd period - Peter Holland is hit by Alex Galchenyuk.
13:25 of 3rd period - Dennis Wideman is hit by Dion Phaneuf and loses puck.
13:44 of 3rd period - Marek Zidlicky is hit by Michael Stone and loses puck.
14:19 of 3rd period - Shot by Jason Demers.
14:19 of 3rd period - Deflect By Trevor Lewis.
14:19 of 3rd period - Shot Misses the Net.
14:21 of 3rd period - Shot by Zack Kassian.
14:21 of 3rd period - Deflect By Trevor Lewis.
14:21 of 3rd period - Stopped by Ryan Miller with a rebound.
14:23 of 3rd period - Shot by Trevor Lewis.
14:23 of 3rd period - Stopped by Ryan Miller without a rebound.
14:24 of 3rd period - Ryan OReilly wins face-off versus Peter Holland in Wild zone.
14:25 of 3rd period - Shot by Alex Galchenyuk.
14:25 of 3rd period - Stopped by Ryan Miller without a rebound.
14:26 of 3rd period - Zack Kassian wins face-off versus Peter Holland in Wild zone.
14:41 of 3rd period - Shot by Trevor Lewis.
14:41 of 3rd period - Stopped by Ryan Miller without a rebound.
14:42 of 3rd period - Ryan OReilly wins face-off versus Jason Pominville in Wild zone.
15:19 of 3rd period - Shot by Michael Ryder.
15:19 of 3rd period - Stopped by Craig Anderson with a rebound.
15:21 of 3rd period - Shot by Rene Bourque.
15:21 of 3rd period - Shot Blocked by Kevin Bieksa.
15:48 of 3rd period - Rene Bourque is hit by Kevin Bieksa and loses puck.
16:22 of 3rd period - Minor Penalty to Robyn Regehr for Holding.
16:23 of 3rd period - Patrik Berglund wins face-off versus Mike Richards in BlackHawks zone.
16:40 of 3rd period - Shot by Mark Streit.
16:40 of 3rd period - Shot Misses the Net.
16:42 of 3rd period - Shot by Mark Streit.
16:42 of 3rd period - Shot Misses the Net.
16:44 of 3rd period - Shot by Dennis Wideman.
16:44 of 3rd period - Stopped by Craig Anderson without a rebound.
16:45 of 3rd period - Trevor Lewis wins face-off versus Peter Holland in BlackHawks zone.
17:09 of 3rd period - Icing by Peter Holland.
17:10 of 3rd period - Peter Holland wins face-off versus Trevor Lewis in Wild zone.
17:17 of 3rd period - Shot by Barret Jackman.
17:17 of 3rd period - Shot Misses the Net.
17:19 of 3rd period - Shot by Scott Hartnell.
17:19 of 3rd period - Shot Misses the Net.
17:22 of 3rd period - Peter Holland is hit by Kevin Bieksa and loses puck.
18:11 of 3rd period - Shot by Erik Cole.
18:11 of 3rd period - Stopped by Craig Anderson without a rebound.
18:12 of 3rd period - Trevor Lewis wins face-off versus Peter Holland in BlackHawks zone.
18:12 of 3rd period - Trevor Lewis is hit by Peter Holland.
18:30 of 3rd period - Shot by Michael Ryder.
18:30 of 3rd period - Shot Misses the Net.
19:40 of 3rd period - Dion Phaneuf is hit by Scott Hartnell and loses puck.
19:42 of 3rd period - Minor Penalty to Peter Holland for Roughing.
19:43 of 3rd period - Trevor Lewis wins face-off versus Trevor Smith in Wild zone.
19:44 of 3rd period - BlackHawks, Craig Anderson is pulled from the net.
19:52 of 3rd period - Shot by Trevor Lewis.
19:52 of 3rd period - Deflect By Brandon Bollig.
19:52 of 3rd period - Shot Misses the Net.
Goals for this period are 1 for BlackHawks vs 1 for Wild.
Shots for this period are 12 for BlackHawks vs 8 for Wild.